 Dungeon Crawl Stone Soup version 0.17-a0-1711-gc5340a3 (webtiles) character file.

2053 karlkraus the Cleaver (level 9, -7/79 HPs)
             Began as a Hill Orc Fighter on Aug 23, 2015.
             Was a Believer of Beogh.
             Mangled by a sixfirhy (8 damage)
             ... on level 4 of the Abyss.
             The game lasted 00:21:18 (6046 turns).

karlkraus the Cleaver (Hill Orc Fighter)            Turns: 6046, Time: 00:21:19

Health: -7/79      AC: 18    Str: 20    XL:     9   Next: 25%
Magic:  9/9        EV:  3    Int:  8    God:    Beogh [**....]
Gold:   529        SH: 17    Dex: 12    Spells: 0 memorised, 8 levels left

rFire  . . .     SeeInvis +     a - +0 war axe
rCold  . . .     Clarity  .     q - +0 plate armour
rNeg   . . .     SustAt   .     H - +0 large shield
rPois  +         Gourm    .     (no helmet)
rElec  .         Spirit   .     t - +2 cloak
rCorr  .         Warding  .     (no gloves)
rMut   .         Stasis   .     p - +0 pair of boots
MR     +....                    (no amulet)
Stlth  ..........               F - ring "Voten" {rPois MR+}
                                g - ring of see invisible

@: somewhat resistant to hostile enchantments, extremely unstealthy
A: no striking features
a: Smiting, Renounce Religion


You were on level 4 of the Abyss.
You worshipped Beogh.
Beogh was pleased with you.
You were near starving.

You visited 1 branch of the dungeon, and saw 8 of its levels.
You visited the Abyss 1 time.

You collected 529 gold pieces.

Inventory:

Hand weapons
 a - a +0 war axe (weapon)
Armour
 p - a +0 pair of boots (worn)
 q - a +0 plate armour (worn)
 t - a +2 cloak (worn)
 H - a +0 large shield (worn)
Jewellery
 g - a ring of see invisible (left hand)
 F - the ring "Voten" (right hand) {rPois MR+}
   (You found it on level 7 of the Dungeon)

   [ring of poison resistance]

   It protects you from poison.
   It affects your resistance to hostile enchantments.
Magical devices
 b - a wand of heal wounds (8)
 y - a wand of draining (10)
 B - a wand of slowing (26)
 C - a wand of confusion (27)
 D - a wand of draining (4)
Scrolls
 c - a scroll of amnesia {unknown}
 f - 4 scrolls of remove curse
 j - 2 scrolls of teleportation
 n - 2 scrolls of magic mapping
 u - a scroll of identify
 x - a scroll of torment {unknown}
Potions
 i - 6 potions of curing
 k - 3 potions of ambrosia {unknown}
 l - 5 potions of flight {unknown}
 m - a potion of mutation {unknown}
 s - a potion of cure mutation {unknown}
 v - a potion of lignification {unknown}
 z - 2 potions of brilliance {unknown}
 A - a potion of invisibility {unknown}
 E - a potion of haste {unknown}
Comestibles
 e - 3 bread rations
 h - 4 meat rations
 o - 2 fruits
 r - a royal jelly
 w - a beef jerky


   Skills:
 + Level 7.5 Fighting
 + Level 8.3 Axes
 + Level 6.2 Armour
 + Level 2.4 Dodging
 + Level 0.3 Stealth
 + Level 7.6 Shields


You had 8 spell levels left.
You didn't know any spells.

Dungeon Overview and Level Annotations

Branches:
Dungeon (8/15)             Temple (0/1) D:4
   Lair: D:8-11

Altars:
Gozag
Kikubaaqudgha
Nemelex Xobeh
Qazlal
Ru
Sif Muna
Yredelemnul


Message History

You block the sixfirhy's attack.
You closely miss the sixfirhy.
The sixfirhy is severely wounded.
You block the sixfirhy's attack. The sixfirhy hits you.
* * * LOW HITPOINT WARNING * * *
The sixfirhy shocks you!
* * * LOW HITPOINT WARNING * * *
You block the sixfirhy's attack.
The sixfirhy hits you but does no damage.
The sixfirhy completely misses you.
You are too injured to fight recklessly!
You are too injured to fight recklessly!
You miss the sixfirhy.
The sixfirhy is severely wounded.
The sixfirhy hits you.
* * * LOW HITPOINT WARNING * * *
The sixfirhy shocks you!
* * * LOW HITPOINT WARNING * * *
The sixfirhy hits you!
You die...

### ##
#@###.. .
#.4.#.# .
####
####.#.#.##.#
... . ## #.
#.## # ..
..#..#. ....
. . ...
.###.. ... ..
. . #. #. .##
# ## .#..
.#.. # ..
#..##.# ## ##
.. # #


You could see a sixfirhy.

Vanquished Creatures
  The ghost of cireshan the Conjurer, an average DECj (D:4)
  A phantom (D:6)
  The ghost of Alipheese the Chopper, an average NaFi (D:3)
  2 centaurs
  2 necrophages
  3 ice beasts
  3 ogres
  3 wights (D:6)
  2 crimson imps
  2 orc priests (D:8)
  An orc wizard (D:7)
  4 hounds
  A jelly (D:6)
  A quasit (D:3)
  2 giant frog skeletons (D:5)
  4 worker ants
  A hound skeleton (D:8)
  A worker ant zombie (D:5)
  9 adders
  6 gnolls
  2 river rats (D:5)
  A shadow imp (D:6)
  An ooze (D:3)
  An adder skeleton (D:8)
  A worm (D:2)
  12 orcs
  3 bat skeletons (D:3)
  2 bat zombies (D:3)
  7 giant cockroaches
  9 hobgoblins
  2 quokkas
  2 ball pythons (D:5)
  8 bats
  9 giant newts
  4 goblins
  9 jackals
  4 kobolds
  A quokka skeleton (D:5)
  8 rats
136 creatures vanquished.

Vanquished Creatures (others)
  A drowned soul (Abyss:3)
  2 orcs (D:4)
3 creatures vanquished.

Grand Total: 139 creatures vanquished

Notes
Turn   | Place    | Note
--------------------------------------------------------------
     0 | D:1      | karlkraus the Hill Orc Fighter began the quest for the Orb.
     0 | D:1      | Reached XP level 1. HP: 19/19 MP: 1/1
   157 | D:1      | Reached XP level 2. HP: 25/27 MP: 2/2
   764 | D:2      | Reached XP level 3. HP: 24/33 MP: 3/3
   898 | D:2      | Reached skill level 4 in Fighting
  1411 | D:3      | Found a faded altar to an unknown god.
  1463 | D:3      | Found a deep blue altar of Sif Muna.
  1494 | D:3      | Reached skill level 1 in Dodging
  1494 | D:3      | Reached XP level 4. HP: 35/40 MP: 4/4
  1591 | D:3      | Found a stormy altar of Qazlal.
  1636 | D:3      | Noticed Alipheese's ghost (average NaFi)
  1648 | D:3      | Killed Alipheese's ghost
  1648 | D:3      | Reached XP level 5. HP: 43/47 MP: 5/5
  1806 | D:3      | Found an ancient bone altar of Kikubaaqudgha.
  2092 | D:4      | Found a staircase to the Ecumenical Temple.
  2098 | D:4      | Reached XP level 6. HP: 52/55 MP: 6/6
  2146 | D:4      | Reached skill level 5 in Fighting
  2593 | D:4      | Noticed cireshan's ghost (average DECj)
  2604 | D:4      | Killed cireshan's ghost
  2604 | D:4      | Reached skill level 5 in Axes
  2604 | D:4      | Reached skill level 5 in Shields
  2604 | D:4      | Reached XP level 7. HP: 45/61 MP: 7/7
  2637 | D:4      | Noticed an ogre
  2646 | D:4      | Killed an ogre
  2927 | D:4      | Became a worshipper of Beogh the Brigand
  2949 | D:5      | Entered Level 5 of the Dungeon
  3011 | D:5      | Found a sacrificial altar of Ru.
  3183 | D:5      | Reached skill level 6 in Shields
  3559 | D:5      | Found a glowing drain.
  3734 | D:5      | Reached XP level 8. HP: 70/70 MP: 8/8
  3837 | D:6      | Acquired Beogh's first power
  3837 | D:6      | Reached skill level 5 in Armour
  4168 | D:6      | Reached skill level 7 in Axes
  4577 | D:7      | Found a basalt altar of Yredelemnul.
  4600 | D:7      | Found an opulent altar of Gozag.
  4635 | D:7      | Reached XP level 9. HP: 68/79 MP: 9/9
  4786 | D:7      | Reached skill level 8 in Axes
  4852 | D:7      | Got a brightly glowing copper ring
  5007 | D:7      | Identified the ring "Voten" {rPois MR+} (You found it on level 7 of the Dungeon)
  5718 | D:8      | Found a sparkling altar of Nemelex Xobeh.
  5784 | D:8      | Acquired Beogh's second power
  5802 | D:8      | Cast into the Abyss (gnoll sergeant)
  5829 | Abyss:1  | Found a corrupted altar of Lugonu.
  5902 | Abyss:3  | Found a corrupted altar of Lugonu.
  5907 | Abyss:3  | Noticed a drowned soul
  5922 | Abyss:3  | Killed a drowned soul
  5948 | Abyss:3  | Noticed a large abomination
  6017 | Abyss:4  | Noticed a sixfirhy
  6046 | Abyss:4  | HP: 1/79 [sixfirhy (7)]
  6046 | Abyss:4  | Mangled by a sixfirhy

Vault maps used:
D:1:      dpeg_arrival_long_road
D:2:      first_bread, serial_bayou_lagoon_a
D:3:      overflow_temple_1_default, kennysheep_vampire_church,
          ecumenical_altar_2, minmay_stone_trees_medium, grunt_qazlal_sundering
D:4:      temple_pool_b, amethyst_killhole
D:5:      nicolae_overflow_hidden_temple, portal_sewer_entry_e,
          hangedman_decor_lopped
D:7:      lemuel_crystal_altar, nicolae_overflow_crystal_walls
D:8:      boulder_corridor_run, basic_altar, uniq_prince_ribbit1
Abyss:2:  hangedman_abyss_or_decor_slice
Abyss:3:  minivault_19, hangedman_relentless_pull, abyss_rune_water_cross,
          evilmike_abyss_exit_4
Abyss:4:  evilmike_abyss_exit_15, hangedman_abyss_theft,
          hangedman_abyss_rune_macabre_mess, abyss_greek_temple

Action                   |  1- 3 |  4- 6 |  7- 9 || total
-------------------------+-------+-------+-------++-------
Melee: War axe           |   100 |    89 |   370 ||   559
Invok: Convert to Beogh  |       |       |     1 ||     1
  Use: Potion            |       |     2 |     1 ||     3
       Scroll            |       |       |     8 ||     8
  Eat: Chunk             |     1 |       |     8 ||     9
       Meat ration       |       |     1 |       ||     1
       Fruit             |       |       |     2 ||     2
